cohdb
Replays
Latest Replays
All Replays
Popular Replays
Top Player Replays
Match Explorer
How It Works
Community
CoH3 Stats
Reddit
Sign in to upload your games and track your stats! →
Sign in with Steam
Match 45131032
Unlisted
Match 45131032
Overview
Messages
Build Orders
End
Kettenkrad Recon Vehicle
Construct Infanterie Kompanie
MG 42 Machine Gun Team
Grenadier Squad
GrW 34 Mortar Team
Grenadier Squad
Medical Station
Construct Panzergrenadier Kompanie
Panzergrenadier Squad
Pak 40 Anti-tank Gun Team
Grenadier Squad
Pioneer Squad
Selects Mechanized Battlegroup
Construct Panzer Kompanie
Support Elements
StuG III G Assault Gun
Pak 40 Anti-tank Gun Team
Selects Spotting Scopes
Selects Wespe Self-propelled Artillery
Wespe Self-propelled Artillery
StuG III G Assault Gun
Pioneer Squad
Pioneer Squad
StuG III G Assault Gun
Tristan
霸气登场
_Dustin
_StArK_
[HAN]Diederick Kastner
Aurelius
megumi
El Hobo Magnifico
0
0
Comments
sign in to comment!
No comments posted yet!